 Dungeon Crawl Stone Soup version 0.28-a0-1339-ga5422284a4 (webtiles) character file.

Game seed: 9357549928091654203

430 chunkyMonkey the Ruffian (level 6, -2/48 HPs)
             Began as a Barachi Transmuter on Dec 28, 2021.
             Was an Initiate of Okawaru.
             Slain by an orc priest (10 damage)
             ... on level 4 of the Dungeon.
             The game lasted 00:08:32 (4957 turns).

chunkyMonkey the Ruffian (Barachi Transmuter)       Turns: 4957, Time: 00:08:33

Health: -2/48      AC:  4    Str: 13    XL:     6   Next: 99%
Magic:  10/11      EV: 13    Int: 14    God:    Okawaru [......]
Gold:   139        SH:  0    Dex: 12    Spells: 9/12 levels left

rFire   . . .      SeeInvis .     - Unarmed
rCold   + . .      Faith    .   (no shield)
rNeg    . . .      Spirit   .   g - +1 robe {rC+}
rPois   .          Reflect  .   (helmet currently unavailable)
rElec   .          Harm     .   b - +0 cloak
rCorr   .          Rampage  .   (no gloves)
Will    .....                   (boots currently unavailable)
Stlth   +.........              (no amulet)
HPRegen 0.16/turn               (no ring)
MPRegen 0.12/turn               (no ring)

@: appendages (expiring), attractive, slow
A: horns 2, talons 2, amphibious, slowness 1, strong legs 1, +LOS
a: Hop, End Transformation, Renounce Religion


You were on level 4 of the Dungeon.
You worshipped Okawaru.
Okawaru was noncommittal.
You had temporarily grown beastly horns and talons.
You visited 2 branches of the dungeon, and saw 5 of its levels.

You collected 139 gold pieces.

Inventory:

Hand Weapons
 l - a +0 hand axe
Missiles
 o - 11 poisoned darts (quivered)
Armour
 a - a +0 robe
 b - a +0 cloak (worn)
 g - a +1 robe of cold resistance (worn)
 m - a +0 ring mail
 q - a +0 leather armour
 r - a +0 leather armour
Scrolls
 c - a scroll of summoning {unknown}
 e - a scroll of torment {unknown}
 f - 2 scrolls of enchant weapon {unknown}
 h - 2 scrolls of fog {unknown}
 k - 2 scrolls of vulnerability {unknown}
 n - a scroll of enchant armour {unknown}
 p - a scroll of teleportation {unknown}
Potions
 i - a potion of flight {unknown}
 j - a potion of heal wounds {unknown}
 s - 2 potions of resistance {unknown}


   Skills:
 * Level 3.9 Fighting
 * Level 3.5 Armour
 + Level 3.4 Dodging
 + Level 4.2 Unarmed Combat
 * Level 3.9 Spellcasting
 + Level 3.2 Transmutations


You had 9 spell levels left.
You knew the following spells:

 Your Spells              Type           Power      Damage    Failure   Level
a - Beastly Appendage     Tmut           22%        N/A       5%          1
b - Wereblood             Tmut           11%        N/A       8%          2

Your spell library contained the following spells:

 Spells                   Type           Power      Damage    Failure   Level
 Magic Dart               Conj           8%         1d3       21%         1
 Searing Ray              Conj           4%         2d4       30%         2
 Spider Form              Tmut/Pois      7%         N/A       30%         3
 Confusing Touch          Hex            2%         N/A       52%         3
 Ice Form                 Ice/Tmut       7%         N/A       71%         4
 Fulminant Prism          Conj/Hex       1%         3d6       89%         4
 Yara's Violent Unravell  Hex/Tmut       3%         3d4       96%         5
 Enfeeble                 Hex            1%         N/A       100%        7
 Animate Dead             Necr           Unusable   N/A       N/A         4
 Haunt                    Necr/Summ      Unusable   N/A       N/A         7
 Infestation              Necr           Unusable   N/A       N/A         8

Dungeon Overview and Level Annotations

Branches:
Dungeon (4/15)             Temple (1/1) D:4

Altars:
Ashenzari
Dithmenos
Fedhas
Gozag
Hepliaklqana
Kikubaaqudgha
Makhleb
Nemelex Xobeh
Okawaru
Trog
Uskayaw
Wu Jian
Yredelemnul

Shops:
D:4 =


Innate Abilities, Weirdness & Mutations

You have temporarily grown beastly horns and talons.
You are amphibious.
You cover ground slowly.
You can hop short distances.
You have an extended range of vision and can be seen from far away.


Message History

Your primal bloodlust is almost over.
The giant cockroach barely misses you. The orc closely misses you.
The orc priest hits you with a +0 flail.
You barely miss the orc.
The orc is lightly wounded.
The giant cockroach bites you but does no damage.
The orc hits you but does no damage.
The orc priest hits you with a +0 flail.
The giant cockroach barely misses you.
You barely miss the orc.
The orc is lightly wounded.
The orc closely misses you. The orc priest barely misses you.
The giant cockroach bites you but does no damage.
Casting: Beastly Appendage (safe; 5% risk of failure)
Confirm with . or Enter, or press ? or * to list all spells.
You grow a pair of large bovine horns.
Your feet morph into talons.
The orc hits you but does no damage.
The orc priest mumbles some strange prayers to Beogh against you.
Beogh smites you!
* * * LOW HITPOINT WARNING * * *
The giant cockroach bites you.
* * * LOW HITPOINT WARNING * * *
It was a potion of attraction.
You feel attractive to monsters.
Your transformation is almost over.
The orc misses you. The giant cockroach misses you.
The orc priest calls upon Beogh to heal the orc.
The orc's wounds heal themselves!
Okay, then.
You hit the orc.
The orc is heavily wounded.
The giant cockroach bites you but does no damage.
The orc barely misses you. The orc priest barely misses you.
You closely miss the orc. You claw the orc. You headbutt the orc.
You feel a bit better.
You kill the orc!
Okawaru accepts your kill.
Your primal bloodlust has ended.
The giant cockroach misses you.
The orc priest hits you with a +0 flail!
You die...

# ##.## #.# #
#######..# #.# #
...?.....## #.# #
########†.# #.# #
..........# #.# #
#######...###.# #
#.)..# #
#########))#.##.###
#
.......)@B.........
#
.#######o#.#..#.###
# ...#.##.# # #
##..#.# .# ####.###
#..#.# .# .......(
#..#.. .###.###
#..### .......#
...# .###.#.# ##.#


You could see an orc priest and a giant cockroach.

Vanquished Creatures
  A scorpion (D:4)
  A jelly (D:4)
  4 orc priests
  Jessica (D:2)
  2 iguanas (D:4)
  5 adders
  2 ufetubi (D:4)
  2 worms
  2 dart slugs
  11 orcs
  6 bats
  3 endoplasms (D:3)
  A giant cockroach (D:4)
  6 goblins
  10 hobgoblins
  2 jackals (D:2)
  2 quokkas
  8 ball pythons
  4 frilled lizards
  6 kobolds
  8 rats
87 creatures vanquished.

Vanquished Creatures (others)
  20 plants
20 creatures vanquished.

Grand Total: 107 creatures vanquished

Notes
Turn   | Place    | Note
-------+----------+-------------------------------------------
     0 | D:1      | chunkyMonkey the Barachi Transmuter began the quest for the
                  | Orb.
     0 | D:1      | Reached XP level 1. HP: 15/15 MP: 3/3
   165 | D:1      | Reached XP level 2. HP: 20/21 MP: 3/5
   378 | D:1      | Reached skill level 1 in Armour
   383 | D:1      | Learned a level 2 spell: Wereblood
   722 | D:1      | Reached XP level 3. HP: 27/27 MP: 3/6
   815 | D:1      | Found a faded altar of an unknown god.
  1091 | D:2      | Noticed Jessica
  1121 | D:2      | Killed Jessica
  1122 | D:2      | Reached XP level 4. HP: 8/34 MP: 2/8
  2373 | D:3      | Reached XP level 5. HP: 33/39 MP: 6/9
  3376 | D:4      | Reached XP level 6. HP: 36/47 MP: 6/11
  3478 | D:4      | Found Nissauh's Jewellery Shoppe.
  3705 | D:4      | HP: 1/47 [iguana (9)]
  3712 | D:4      | Reached skill level 4 in Unarmed Combat
  4339 | D:4      | Found a staircase to the Ecumenical Temple.
  4352 | Temple   | Entered the Ecumenical Temple
  4426 | Temple   | Became a worshipper of Warmaster Okawaru
  4957 | D:4      | Slain by an orc priest

Illustrated notes

Levels and vault maps discovered:
D:1:      lemuel_arrival_funnel, layout_basic,
          hellmonk_ecumenical_altar_leap_of_faith, serial_bayou_lagoon_a,
          hangedman_decor_points, minmay_pentomino_o4
D:2:      cheibrodos_old_hovel, layout_basic, hangedman_decor_riveting,
          uniq_jessica
D:3:      layout_basic
D:4:      layout_basic, minmay_temple_entry_large_hall, serial_shops, shop,
          solitary_fountain
Temple:   nicolae_temple_god_jail

Skill      XL: |  1  2  3  4  5  6 |
---------------+-------------------+-----
Armour         | 1 2 3 |  3.5
Fighting       | 2 3 |  3.9
Spellcasting   | 3 |  3.9
Dodging        | 3 |  3.4
Transmutations | 3 |  3.2
Unarmed Combat | 4 |  4.2

Action                   |  1- 3 |  4- 6 || total
-------------------------+-------+-------++-------
Melee: Unarmed           |    75 |   211 ||   286
       Kick              |    16 |    49 ||    65
       Headbutt          |    12 |    30 ||    42
       Punch             |       |     3 ||     3
Throw: Dart              |       |     2 ||     2
 Cast: Beastly Appendage |    26 |    44 ||    70
       Wereblood         |     2 |    38 ||    40
 Abil: Hop               |       |     1 ||     1
  Use: Potion            |       |     2 ||     2
 Stab: Sleeping          |     1 |     1 ||     2
Armor: Robe              |    29 |    43 ||    72
Dodge: Dodged            |    59 |   135 ||   194

Table legend: (Time is in decaauts)
 A = Elapsed time spent in this place.
 B = Non-inter-level travel time spent in this place.
 C = Inter-level travel time spent in this place.
 D = Time resting spent in this place.
 E = Time spent auto-exploring this place.
 F = Levels seen in this place.
 G = Mean time per level.
                   A        B        C        D        E       F      G
               +--------+--------+--------+--------+--------+-----+--------+
         Total |   5388 |   5274 |    114 |   1328 |   2956 |   5 | 1077.6 |
       Dungeon |   5282 |   5188 |     94 |   1328 |   2916 |   4 | 1320.5 |
        Temple |    105 |     86 |     19 |      0 |     40 |   1 |  105.0 |
               +--------+--------+--------+--------+--------+-----+--------+

Top non-repeatable levels by time:
     D:4: 1704 daAuts
     D:2: 1497 daAuts
     D:1: 1099 daAuts
     D:3: 981 daAuts
  Temple: 105 daAuts
